 Dungeon Crawl Stone Soup version 0.30.1-3-gfc49f6343a (webtiles) character file.

Game seed: 8195796281632516356

100 hurricos the Sneak (level 4, 0/28 HPs)
             Began as a Deep Elf Delver on July 27, 2023.
             Slain by an adder (2 damage)
             ... on level 2 of the Dungeon.
             The game lasted 00:04:23 (1625 turns).

hurricos the Sneak (Deep Elf Delver)                Turns: 1625, Time: 00:04:25

Health: 0/28       AC:  3    Str:  7 (9)  XL:     4   Next: 47%
Magic:  6/6        EV: 11    Int: 14 (17) God:
Gold:   122        SH:  0    Dex: 14 (16) Spells: 3/3 levels left

rFire   . . .        i - +0 sling
rCold   . . .        (no shield)
rNeg    . . .        b - +0 leather armour
rPois   .            (no helmet)
rElec   .            (no cloak)
rCorr   .            (no gloves)
SInv    .            (no boots)
Will    .....        o - amulet of faith
Stlth   +++          (no ring)
HPRegen 0.24/turn    (no ring)
MPRegen 0.10/turn

%: faith
@: lethally poisoned (0 -> -8), flying
A: no striking features
a: no special abilities


You were on level 2 of the Dungeon.
You visited 1 branch of the dungeon, and saw 6 of its levels.

You collected 122 gold pieces.

Inventory:

Hand Weapons
 a - a +0 short sword
 i - a +0 sling (weapon)
Armour
 b - a +0 leather armour (worn)
Jewellery
 o - an amulet of faith (around neck)
Wands
 g - a wand of digging (2)
Scrolls
 c - a scroll of fog
 d - a scroll of magic mapping
 e - 2 scrolls of fear
 h - a scroll of brand weapon {unknown}
 j - a scroll of blinking {unknown}
 l - a scroll of enchant armour {unknown}
 n - a scroll of teleportation {unknown}
Potions
 f - a potion of haste
 m - a potion of degeneration
 p - a potion of curing {unknown}


   Skills:
 - Level 3.4 Fighting
 - Level 2.5 Short Blades
 + Level 2.7 Ranged Weapons
 - Level 2.4 Dodging
 - Level 6.3 Stealth


You had 3 spell levels left.
You didn't know any spells.
Your spell library contained the following spells:

 Spells                   Type           Power      Damage    Failure   Level
 Apportation              Tloc           0%         N/A       41%         1
 Necrotise                Necr           0%         1d4       41%         1
 Summon Small Mammal      Summ           0%         N/A       41%         1
 Gell's Gravitas          Tloc           0%         N/A       78%         3
 Teleport Other           Tloc           0%         N/A       78%         3
 Dispersal                Tloc           0%         N/A       100%        6


Dungeon Overview and Level Annotations

Branches:
Dungeon (6/15)
 Temple: D:4-7

Altars:
Ashenzari
Nemelex Xobeh

Shops:
D:2 (

Annotations:
D:2 Natasha


Message History

The sling bullet barely misses the adder.
The adder barely misses you.
You shoot a sling bullet.
The sling bullet barely misses the adder.
The adder misses you. The adder bites you.
You shoot a sling bullet.
The sling bullet closely misses the adder.
The adder bites you. The adder closely misses you.
You shoot a sling bullet.
The sling bullet barely misses the adder.
The adder misses you. The adder bites you but does no damage.
You shoot a sling bullet. The sling bullet hits the adder.
The adder is severely wounded.
The adder completely misses you.
You shoot a sling bullet. The sling bullet hits the adder.
The adder is almost dead.
The adder bites you.
You are poisoned.
The adder poisons you! The adder closely misses you.
You shoot a sling bullet.
The sling bullet closely misses the adder.
You feel sick. The adder bites you.
You are more poisoned.
The adder poisons you! The adder bites you.
* * * LOW HITPOINT WARNING * * *
You are more poisoned.
The adder poisons you!
It was a potion of flight.
You feel very buoyant.
You fly up into the air.
* * * LOW HITPOINT WARNING * * *
You feel very sick. The adder closely misses you.
It was a potion of degeneration.
There was something very wrong with that liquid.
You feel weakened.
You feel dopey.
You feel clumsy.
* * * LOW HITPOINT WARNING * * *
You feel very sick. The adder bites you.
You die...

............####...)....)#
.? .......######
########..# ... .....###
##.. _ .. .....# #.# ...#
..#### #.# h... .##
.#################
##...............###
#..#############@..# #
...# ##S...... #. ## ...#
.....>. ?.. . ...# ......#
.. # #### .....). ...#.#
.....## #..... .....#
..#.# .....# ..# ##.+


You could see an adder.

Vanquished Creatures
  6 adders
  A dart slug (D:1)
  2 orcs (D:3)
  6 ball pythons
  7 bats
  2 endoplasms
  3 giant cockroaches
  5 hobgoblins (D:1)
  4 kobolds
  2 quokkas
  A frilled lizard (D:1)
  A goblin (D:1)
  5 rats
45 creatures vanquished.

Notes
Turn   | Place    | Note
-------+----------+-------------------------------------------
     0 | D:5      | hurricos the Deep Elf Delver began the quest for the Orb.
     0 | D:5      | Reached XP level 1. HP: 13/13 MP: 3/3
     1 | D:6      | Noticed an orc wizard
     1 | D:6      | Noticed an orc wizard
    19 | D:3      | Reached XP level 2. HP: 19/19 MP: 4/4
   122 | D:3      | Reached XP level 3. HP: 23/23 MP: 5/5
   192 | D:3      | Found a sparkling altar of Nemelex Xobeh.
   536 | D:2      | Found a broken altar of Ashenzari.
   536 | D:2      | Noticed Natasha
   948 | D:1      | Reached skill level 1 in Ranged Weapons
   952 | D:1      | Reached XP level 4. HP: 28/28 MP: 6/6
  1571 | D:2      | Found Hopeo's Weapon Emporium.
  1625 | D:2      | Slain by an adder

Illustrated notes

Levels and vault maps discovered:
D:1:      dpeg_arrival_triangle_fractal, layout_rooms, serial_forest,
          infiniplex_forest_lined_1, infiniplex_forest_corner_2,
          infiniplex_forest_straight_3, infiniplex_forest_corner_1,
          infiniplex_forest_straight_4, infiniplex_forest_corner_2,
          item_on_display_a
D:2:      layout_rooms, serial_shops, shop, basic_altar, minmay_misc_feat_doors,
          uniq_natasha
D:3:      layout_loops_cross, mainiacjoe_overflow_paths
D:4:      layout_basic, mainiacjoe_overflow_surrounded_room,
          gammafunk_ghost_grave, serial_forest, infiniplex_forest_end_3,
          infiniplex_forest_fountain, infiniplex_forest_corner_1,
          infiniplex_forest_clump_curved, infiniplex_forest_clump_tiny,
          infiniplex_forest_clump_small, infiniplex_forest_straight_2,
          infiniplex_forest_corner_2, infiniplex_forest_end_2
D:5:      layout_rooms, mainiacjoe_overflow_brackets, serial_curves,
          eino_curves_02, eino_curves_03, eino_curves_04, eino_curves_04,
          nrook_uturn, uniq_edmund
D:6:      layout_basic

Skill      XL: |  1  2  3  4 |
---------------+-------------+-----
Fighting       | 3 |  3.4
Ranged Weapons | 1 2 |  2.7
Short Blades   | |  2.5
Dodging        | |  2.4
Stealth        | |  6.3

Action                     |  1- 3 |  4- 6 || total
---------------------------+-------+-------++-------
  Melee: Short sword       |    51 |       ||    51
   Fire: Sling             |    13 |    85 ||    98
  Evoke: Wand              |       |     1 ||     1
    Use: Potion            |     1 |     3 ||     4
   Stab: Sleeping          |     6 |       ||     6
 Armour: Leather armour    |    13 |     4 ||    17
  Dodge: Dodged            |    42 |    33 ||    75
